 Dungeon Crawl Stone Soup version 0.30-a0-760-g5a9884bb7c (webtiles) character file.

Game seed: 17110315375336772867

1057 bande the Chopper (level 8, -16/49 HPs)
             Began as a Gargoyle Fighter on Feb 10, 2023.
             Was a Believer of Okawaru.
             Demolished by a komodo dragon (26 damage)
             ... on level 6 of the Dungeon.
             The game lasted 00:08:15 (6167 turns).

bande the Chopper (Gargoyle Fighter)                Turns: 6167, Time: 00:08:15

Health: -16/49     AC: 15    Str: 21    XL:     8   Next: 27%
Magic:  10/10      EV:  9    Int:  8    God:    Okawaru [**....]
Gold:   1079       SH:  4    Dex: 11    Spells: 7/7 levels left

rFire   . . .      SeeInvis .    a - +1 war axe (flame)
rCold   . . .      Faith    .    c - +0 buckler
rNeg    + . .      Spirit   .    b - +0 scale mail
rPois   ∞          Reflect  .    (no helmet)
rElec   +          Harm     .    (no cloak)
rCorr   .          Rampage  .    i - +0 pair of gloves
Will    .....                    f - +0 pair of boots Stlth
                                 (no amulet)
HPRegen 0.28/turn                (no ring)
MPRegen 0.12/turn                (no ring)

@: no status effects
A: sickness immunity, AC +5, negative energy resistance 1, electricity
resistance, torment resistance 1, petrification resistance
a: Renounce Religion, Heroism


You were on level 6 of the Dungeon.
You worshipped Okawaru.
Okawaru was pleased with you.
You visited 1 branch of the dungeon, and saw 6 of its levels.
You also visited: Sewer.

You collected 1079 gold pieces.

Inventory:

Hand Weapons
 a - a +1 war axe of flaming (weapon)
Armour
 b - a +0 scale mail (worn)
 c - a +0 buckler (worn)
 f - a +0 pair of boots (worn)
 i - a +0 pair of gloves (worn)
 w - the +2 pair of boots of Chill Winds {rElec rN++ rCorr Dex-4}
   (You found it on level 3 of the Dungeon)

   Dex:       It affects your dexterity (-4).
   rElec:     It insulates you from electricity.
   rN:        It greatly protects you from negative energy.
   rCorr:     It protects you from acid and corrosion.
Scrolls
 j - 4 scrolls of identify
 m - 2 scrolls of blinking {unknown}
 p - a scroll of fear {unknown}
 q - 2 scrolls of enchant weapon
 s - 2 scrolls of teleportation
Potions
 d - a potion of might
 e - 5 potions of curing
 g - a potion of lignification {unknown}
 h - a potion of brilliance {unknown}
 k - 2 potions of resistance {unknown}
 l - 4 potions of degeneration {unknown}
 n - 2 potions of flight {unknown}
 o - 2 potions of ambrosia {unknown}
 r - a potion of heal wounds {unknown}
 u - a potion of invisibility {unknown}


   Skills:
 + Level 5.0 Fighting
 + Level 6.2 Axes
 + Level 5.3 Armour
 - Level 0.1 Dodging
 + Level 4.3 Shields
 * Level 3.3 Invocations


You had 7 spell levels left.
You didn't know any spells.
Your spell library contained the following spells:

 Spells                   Type           Power      Damage    Failure   Level
 Apportation              Tloc           0%         N/A       82%         1
 Shock                    Conj/Air       0%         1d3       82%         1
 Ensorcelled Hibernation  Hex/Ice        0%         N/A       91%         2
 Passwall                 Tmut/Erth      0%         N/A       91%         2
 Scorch                   Fire           0%         2d5       91%         2
 Swiftness                Air            0%         N/A       99%         3
 Airstrike                Air            0%         2d(0-16)  100%        4
 Dispel Undead            Necr           0%         3d6       100%        4
 Flame Wave               Conj/Fire      0%         2d4       100%        4
 Alistair's Intoxication  Tmut/Pois      0%         N/A       100%        5
 Cigotuvi's Dreadful Rot  Necr/Pois/Air  Unusable   N/A       N/A         2
 Death Channel            Necr           Unusable   N/A       N/A         6
 Summon Cactus Giant      Summ           Unusable   N/A       N/A         6

Dungeon Overview and Level Annotations

Branches:
Dungeon (6/15)              Sewer (visited)
 Temple: D:4-7

Altars:
Dithmenos
Okawaru
Trog
Uskayaw
Vehumet
Wu Jian
Lugonu

Shops:
D:4 [

Portals:
Abyss: D:5


Innate Abilities, Weirdness & Mutations

You are immune to sickness and miasma.
Your stone body is resilient. (AC +5)
You are immune to poison.
You resist negative energy. (rN+)
You are resistant to electric shocks. (rElec)
You are resistant to unholy torment.
You are immune to petrification.


Message History

No reachable target in view!
No reachable target in view!
No reachable target in view!
The komodo dragon closely misses you.
You slash the komodo dragon! You burn the komodo dragon.
The komodo dragon is moderately wounded.
The komodo dragon barely misses you.
You hit the komodo dragon. You burn the komodo dragon.
The komodo dragon is moderately wounded.
The komodo dragon bites you!!
Ouch! That really hurt!
You are too injured to fight recklessly!
You are too injured to fight recklessly!
You are too injured to fight recklessly!
You are too injured to fight recklessly!
You are too injured to fight recklessly!
You are too injured to fight recklessly!
You are too injured to fight recklessly!
You are too injured to fight recklessly!
You are too injured to fight recklessly!
You are too injured to fight recklessly!
You hit the komodo dragon but do no damage.
The komodo dragon is moderately wounded.
The komodo dragon bites you.
You slash the komodo dragon! You burn the komodo dragon.
The komodo dragon is severely wounded.
The komodo dragon bites you but does no damage.
The komodo dragon bites you.
You hit the komodo dragon but do no damage.
The komodo dragon is severely wounded.
The komodo dragon closely misses you.
You hit the komodo dragon but do no damage.
The komodo dragon is severely wounded.
The komodo dragon bites you!
* * * LOW HITPOINT WARNING * * *
You hit the komodo dragon. You burn the komodo dragon.
The komodo dragon is severely wounded.
The komodo dragon bites you!!
Ouch! That really hurt!
You die...

#......†.~PPP#
#...##.##.~~~P~P#
#
####.#.P~P♣♣~P..
#....~.~~♣♣ P.#
#.##.P.P~♣ . #
#.P.~~♣ #.#PP~♣
...#.##.##~~♣~♣~
.8......@lPP~~~~
.###........PPP.
#.##.##..#..# #.
#.# .#.### # #..
. # ### .# . .#


You could see a komodo dragon.

Vanquished Creatures
  Edmund (D:4)
  An ogre (D:4)
  Blork the orc (D:4)
  A bullfrog (D:6)
  3 scorpions
  3 hounds
  An orc priest (D:5)
  A jelly (D:5)
  5 iguanas
  An orc wizard (D:5)
  9 adders
  A white imp (D:5)
  An adder skeleton (D:3)
  2 adder zombies (D:3)
  3 worms (D:3)
  2 dart slugs
  9 orcs
  9 endoplasms
  13 giant cockroaches
  3 goblins
  3 hobgoblins
  9 jackals
  5 quokkas
  21 ball pythons
  A ball python zombie (D:3)
  5 bats
  9 frilled lizards
  12 kobolds
  A quokka skeleton (D:3)
  15 rats
  A lurking horror (D:5)
152 creatures vanquished.

Vanquished Creatures (others)
  2 lurking horrors (D:5)
  2 plants (D:6)
4 creatures vanquished.

Grand Total: 156 creatures vanquished

Notes
Turn   | Place    | Note
-------+----------+-------------------------------------------
     0 | D:1      | bande the Gargoyle Fighter began the quest for the Orb.
     0 | D:1      | Reached XP level 1. HP: 14/14 MP: 1/1
    69 | D:1      | Reached XP level 2. HP: 19/19 MP: 2/2
   141 | D:1      | Reached skill level 2 in Axes
   362 | D:1      | Reached XP level 3. HP: 23/23 MP: 3/3
   892 | D:2      | You fall into a shaft and drop 1 floor!
  1088 | D:3      | Reached XP level 4. HP: 29/29 MP: 4/4
  1134 | D:3      | Found a glowing drain.
  1138 | Sewer    | Entered a sewer
  1175 | Sewer    | Reached skill level 3 in Axes
  1364 | Sewer    | Reached XP level 5. HP: 32/33 MP: 5/5
  2322 | D:3      | Found a faded altar of an unknown god.
  2402 | D:3      | Identified the +2 pair of boots of Chill Winds {rElec rN++
                  | rCorr Dex-4}
  2549 | D:3      | Found a shadowy altar of Dithmenos.
  2986 | D:3      | Found a bloodstained altar of Trog.
  3183 | D:4      | Reached skill level 4 in Axes
  3228 | D:4      | Found an iron altar of Okawaru.
  3233 | D:4      | Became a worshipper of Warmaster Okawaru
  3273 | D:4      | Found Zeemm's Antique Armour Boutique.
  3379 | D:4      | Reached XP level 6. HP: 36/38 MP: 6/6
  3380 | D:4      | Identified a scroll of acquirement
  3380 | D:4      | Acquired 785 gold pieces
  3417 | D:4      | Found a radiant altar of Vehumet.
  3490 | D:4      | Found an ornate altar of the Wu Jian Council.
  3837 | D:4      | Noticed Blork the orc
  3842 | D:4      | Killed Blork the orc
  3843 | D:4      | Reached skill level 1 in Invocations
  4001 | D:4      | Noticed Edmund
  4021 | D:4      | Killed Edmund
  4021 | D:4      | Reached * piety under Okawaru
  4022 | D:4      | Reached skill level 5 in Axes
  4022 | D:4      | Reached XP level 7. HP: 6/44 MP: 8/8
  4372 | D:4      | Found a hide-covered altar of Uskayaw.
  4496 | D:5      | Entered Level 5 of the Dungeon
  4976 | D:5      | Reached skill level 5 in Armour
  5159 | D:5      | Reached XP level 8. HP: 43/48 MP: 10/10
  5337 | D:5      | Reached skill level 6 in Axes
  5371 | D:5      | Found a corrupted altar of Lugonu.
  5372 | D:5      | Found a one-way gate to the infinite horrors of the Abyss.
  6144 | D:6      | Reached ** piety under Okawaru
  6147 | D:6      | Reached skill level 5 in Fighting
  6154 | D:6      | Noticed a komodo dragon
  6167 | D:6      | Demolished by a komodo dragon

Illustrated notes

Levels and vault maps discovered:
D:1:      onia_arrival_handbag, layout_basic
D:2:      minmay_roachtagon, layout_basic
D:3:      layout_loops_ring, lemuel_round_altar, nicolae_dithmenos_the_darkroom,
          gup_sewer_entry_spiral, hellmonk_ecumenical_altar_inner_sanctum,
          serial_undead, serial_undead_b, serial_undead_a, serial_undead_e,
          serial_undead_c, chequers_serial_rivers_micro_b,
          minmay_misc_feat_alley, roderic_lattice_a, minmay_misc_feat_five
D:4:      layout_basic, hellmonk_okawaru_the_only_friend_you_need,
          nicolae_wu_jian_glorious_leap, nicolae_uskayaw_suspiria,
          lemuel_doored_altar, serial_shops, kennysheep_mini_moat, minivault_23,
          skrybe_limestone_x, uniq_edmund, uniq_blork_the_orc
D:5:      layout_layer_cave, minivault_19, amcnicky_altar_lugonu_corruption
D:6:      layout_loops_cross, nicolae_gozag_cash_rules_everything_around_me,
          lemuel_temple_firewalk_a, serial_bayou, serial_bayou_shore_b,
          serial_bayou_lake_a, serial_bayou_lagoon_a, serial_bayou_pond_c

Skill      XL: |  1  2  3  4  5  6  7  8 |
---------------+-------------------------+-----
Axes           | 2 3 4 5 6 |  6.2
Armour         | 4 5 |  5.3
Fighting       | 4 5 |  5.0
Shields        | 4 |  4.3
Invocations    | 2 3 |  3.3
Dodging        | |  0.1

Action                     |  1- 3 |  4- 6 |  7- 9 || total
---------------------------+-------+-------+-------++-------
  Melee: War axe           |   114 |   239 |   113 ||   466
    Use: Scroll            |     2 |     9 |       ||    11
 Armour: Scale mail        |    83 |   132 |    44 ||   259
  Dodge: Dodged            |    73 |   129 |    67 ||   269
  Block: Buckler           |    24 |    65 |    23 ||   112

Table legend: (Time is in decaauts)
 A = Elapsed time spent in this place.
 B = Non-inter-level travel time spent in this place.
 C = Inter-level travel time spent in this place.
 D = Time resting spent in this place.
 E = Time spent auto-exploring this place.
 F = Levels seen in this place.
 G = Mean time per level.
                   A        B        C        D        E       F      G
               +--------+--------+--------+--------+--------+-----+--------+
         Total |   6403 |   6216 |    187 |    572 |   4350 |   7 |  914.7 |
       Dungeon |   6032 |   5845 |    187 |    572 |   4112 |   6 | 1005.3 |
         Sewer |    370 |    370 |      0 |      0 |    238 |   1 |  370.0 |
               +--------+--------+--------+--------+--------+-----+--------+

Top non-repeatable levels by time:
     D:5: 1666 daAuts
     D:4: 1355 daAuts
     D:3: 1311 daAuts
     D:1: 929 daAuts
     D:2: 738 daAuts
   Sewer: 370 daAuts
     D:6: 31 daAuts
